 Dungeon Crawl Stone Soup version 0.18-a0-1670-gb40d73e (webtiles) character file.

26939 Duffy the Carver (level 13, 68/101 HPs)
             Began as a Demonspawn Berserker on Apr 1, 2016.
             Was a High Priest of Trog.
             Quit the game on level 3 of the Lair of Beasts.
             The game lasted 00:22:43 (17357 turns).

Duffy the Carver (Demonspawn Berserker)            Turns: 17357, Time: 00:22:44

Health: 68/101     AC: 22    Str: 20    XL:     13   Next: 1%
Magic:  10/16      EV:  8    Int: 11    God:    Trog [*****.]
Gold:   891        SH:  0    Dex: 15    Spells: 0 memorised, 12 levels left

rFire  + . .     SeeInvis +     o - +6 great sword (venom)
rCold  . . .     Gourm    .     i - +0 plate armour
rNeg   . . .     Faith    .     (shield currently unavailable)
rPois  .         Spirit   .     y - +0 mask of the Dragon {MR+ Slay+3 SInv}
rElec  .         Dismiss  .     k - +0 cloak
rCorr  .         Reflect  .     A - +2 pair of gloves
SustAt .         Harm     +     n - +0 pair of boots
MR     +....                    U - amulet of harm
Stlth  ..........               g - ring of protection from fire
                                (no ring)

@: somewhat resistant to hostile enchantments, extremely unstealthy
A: horns 1, yellow scales 1, clever 1, nightstalker 2, powered by pain 1
a: Berserk, Trog's Hand, Brothers in Arms, Burn Spellbooks, Renounce Religion


You were on level 3 of the Lair of Beasts.
You worshipped Trog.
Trog was extremely pleased with you.
You were not hungry.

You visited 2 branches of the dungeon, and saw 13 of its levels.
You also visited: Ossuary.

You collected 891 gold pieces.


Innate Abilities, Weirdness & Mutations

You have a pair of small horns on your head.
You are partially covered in yellow scales (AC +2).
You are significantly more attuned to the shadows.
You sometimes gain a little power by taking damage.
Your mind is acute. (Int +2)


   Skills:
 + Level 9.5 Fighting
 + Level 14.5 Long Blades
 - Level 10.0 Armour
 - Level 4.0 Dodging
 - Level 5.0 Evocations


You had 12 spell levels left.
You didn't know any spells.

Inventory:

Hand Weapons
 o - a +6 great sword of venom (weapon)
 u - the +6 scimitar of Flaming Death {sticky flame, rPois rF++ rC- MR+}

   It has been specially enchanted to burn those struck by it, causing extra
   injury to most foes and up to half again as much damage against particularly
   susceptible opponents.
   Big, fiery blades are also staple armaments of hydra-hunters.
   It greatly protects you from fire.
   It makes you vulnerable to cold.
   It protects you from poison.
   It affects your resistance to hostile enchantments.
Missiles
 e - 35 poisoned needles
 V - 2 throwing nets (quivered)
Armour
 i - a +0 plate armour (worn)
 k - a +0 cloak (worn)
 n - a +0 pair of boots (worn)
 y - the +0 mask of the Dragon (worn) {MR+ Slay+3 SInv}

   It affects your accuracy and damage with ranged weapons and melee attacks
   (+3).
   It affects your resistance to hostile enchantments.
   It lets you see invisible.
 A - a +2 pair of gloves (worn)
Jewellery
 g - a ring of protection from fire (right hand)
 U - an amulet of harm (around neck)
 W - an uncursed ring of flight
 Y - an uncursed ring of sustain attributes
Wands
 q - a wand of acid (6/15)
 s - a wand of digging (13/24)
 E - a wand of enslavement (9/24)
 K - a wand of confusion (17/48)
 S - a wand of paralysis (12/24)
Scrolls
 a - 2 scrolls of fear
 j - 5 scrolls of enchant weapon
 l - a scroll of enchant armour
 m - 2 scrolls of remove curse
 r - a scroll of magic mapping
 w - a scroll of immolation
 D - a scroll of fog
 H - a scroll of silence
 N - 3 scrolls of teleportation
 Q - a scroll of recharging
Potions
 b - 5 potions of berserk rage
 f - 4 potions of heal wounds
 p - 2 potions of cancellation
 v - 7 potions of curing
 x - a potion of ambrosia
 z - 2 potions of invisibility
 C - a potion of flight
 F - 2 potions of haste
 G - a potion of might {unknown}
 I - a potion of lignification
 O - a potion of mutation
 P - a potion of agility
Miscellaneous
 T - a lamp of fire
Comestibles
 c - 9 bread rations
 d - 9 meat rations
 h - 6 chunks of flesh
 t - a royal jelly
 J - 4 beef jerkies

Dungeon Overview and Level Annotations

Branches:
Dungeon (10/15)            Temple (0/1) D:6            Lair (3/8) D:9
    Orc (0/2) D:10
  Swamp: Lair:3-6    Shoals: Lair:3-6     Snake: Lair:3-6    Spider: Lair:3-6

Altars:
Cheibriados
Fedhas
Nemelex Xobeh
Pakellas
Vehumet
Yredelemnul

Portals:
Trove: D:10 (give 7 potions of agility)

Annotations:
D:7 Blork the orc


Message History

Butcher a yak corpse? [(y)es/(c)hoosy/(n)o/(a)ll/(e)dible/(q)uit/?]
You butcher the yak corpse. x2
h - 2 chunks of flesh (gained 1);
h - 6 chunks of flesh (gained 4)
You see here a yak skeleton.
A five-headed hydra comes into view.
You hack one of the five-headed hydra's heads off!
The four-headed hydra grows two more!
You slice the six-headed hydra!!
The six-headed hydra is heavily wounded.
The six-headed hydra bites you but does no damage.
The six-headed hydra barely misses you.
The six-headed hydra closely misses you.
The six-headed hydra bites you but does no damage. x3
You hack one of the six-headed hydra's heads off!
The five-headed hydra grows two more!
You slice the seven-headed hydra!!
The seven-headed hydra is severely wounded.
The seven-headed hydra bites you but does no damage. x3
The seven-headed hydra completely misses you.
The seven-headed hydra bites you.
The seven-headed hydra bites you but does no damage.
The seven-headed hydra bites you!
You hack one of the seven-headed hydra's heads off!
The six-headed hydra grows two more!
You slice the eight-headed hydra!!
The eight-headed hydra is severely wounded.
The eight-headed hydra bites you but does no damage. x5
The eight-headed hydra bites you!
The eight-headed hydra closely misses you.
The eight-headed hydra bites you!
You hack one of the eight-headed hydra's heads off!
The seven-headed hydra grows two more!
You slice the nine-headed hydra!!
You kill the nine-headed hydra!
Trog accepts your kill.
You have reached level 13!
Your demonic ancestry asserts itself...
You feel energised by your suffering.
Are you sure you want to abandon this character and quit the game? (Confirm with "yes".)

************,,,,,,,*
,,,,**,**,**,,,,,,,*
*,,,,,,,,,,*,,,,,,** *******
****,**,,,,,,*,,,,**
##.....#** ********.,,*,,,,*
#......#,**
*#.,,,,,**##.......,,*
*#.****###........,,*
#..####..........,,##
##.%@####..%.....**#.
#......##........*##.
*#.....%.......#.#*#.. ***
*#...#.#........#####.#
*,****.....####.......#.#..#
***,,,,,....#*
###.........##
**,,,,,,,,,..* ##.......##
*,,,,,,,,,,..# #.#.....#
**,,,,,,,,...## ##.....##


There were no monsters in sight!

Action                   |  1- 3 |  4- 6 |  7- 9 | 10-12 | 13-15 || total
-------------------------+-------+-------+-------+-------+-------++-------
Melee: Falchion          |   149 |    31 |       |       |       ||   180
       Long sword        |       |   141 |   456 |   374 |       ||   971
       Scimitar          |       |       |       |   281 |       ||   281
       Great sword       |       |       |       |   108 |       ||   108
Invok: Berserk           |       |     3 |     5 |    10 |       ||    18
       Burn Spellbooks   |       |       |       |     3 |       ||     3
       Brothers in Arms  |       |       |       |     1 |       ||     1
 Abil: Evoke Flight      |       |       |       |     1 |       ||     1
  Use: Scroll            |       |       |    15 |    12 |       ||    27
       Potion            |       |       |     1 |     1 |       ||     2
 Stab: Distracted        |     1 |       |       |       |       ||     1
  Eat: Chunk             |     4 |     7 |    21 |    46 |       ||    78
       Fruit             |       |       |       |     2 |       ||     2
       Royal jelly       |       |       |       |     2 |       ||     2
       Beef jerky        |       |       |       |     2 |       ||     2

Notes
Turn   | Place    | Note
--------------------------------------------------------------
     0 | D:1      | Duffy the Demonspawn Berserker began the quest for the Orb.
     0 | D:1      | Reached XP level 1. HP: 18/18 MP: 1/1
   189 | D:1      | Reached skill level 3 in Long Blades
   352 | D:1      | Gained mutation: You are partially covered in yellow scales (AC +2). [demonic ancestry]
   352 | D:1      | Reached XP level 2. HP: 16/24 MP: 2/2
  1083 | D:2      | Reached XP level 3. HP: 22/29 MP: 3/3
  1231 | D:2      | Found a radiant altar of Vehumet.
  1301 | D:2      | Reached ** piety under Trog
  1346 | D:2      | Found a sparkling altar of Nemelex Xobeh.
  1356 | D:2      | Reached skill level 4 in Long Blades
  1457 | D:2      | Reached skill level 2 in Armour
  2035 | D:3      | Noticed Sigmund
  2054 | D:2      | Gained mutation: You have a pair of small horns on your head. [demonic ancestry]
  2054 | D:2      | Reached XP level 4. HP: 35/35 MP: 4/4
  2075 | D:3      | Killed Sigmund
  2075 | D:3      | Reached skill level 5 in Long Blades
  2075 | D:3      | Reached skill level 3 in Armour
  2075 | D:3      | Reached XP level 5. HP: 41/41 MP: 5/5
  2577 | D:3      | Reached XP level 6. HP: 47/47 MP: 6/6
  2649 | D:3      | Reached *** piety under Trog
  2897 | D:3      | Reached skill level 4 in Armour
  2913 | D:3      | Found an oddly glowing altar of Pakellas.
  3240 | D:4      | Noticed Eustachio
  3434 | D:2      | Killed Eustachio
  3434 | D:2      | Reached skill level 6 in Long Blades
  3711 | D:4      | Gained mutation: You are slightly more attuned to the shadows. [demonic ancestry]
  3711 | D:4      | Reached XP level 7. HP: 52/52 MP: 7/7
  4127 | D:5      | Entered Level 5 of the Dungeon
  4246 | D:4      | Reached skill level 7 in Long Blades
  4616 | D:5      | Reached **** piety under Trog
  4630 | D:5      | Reached skill level 4 in Fighting
  4668 | D:5      | Found a basalt altar of Yredelemnul.
  4752 | D:5      | Found a snail-covered altar of Cheibriados.
  4761 | D:5      | Reached XP level 8. HP: 60/60 MP: 8/8
  5427 | D:6      | Reached skill level 8 in Long Blades
  5705 | D:6      | Reached skill level 5 in Armour
  5790 | D:6      | Found a staircase to the Ecumenical Temple.
  6081 | D:6      | Reached skill level 9 in Long Blades
  6086 | D:6      | Reached skill level 6 in Armour
  6086 | D:6      | Reached XP level 9. HP: 36/66 MP: 9/9
  7083 | D:7      | Found a blossoming altar of Fedhas.
  7129 | D:7      | Reached skill level 5 in Fighting
  7345 | D:7      | Reached ***** piety under Trog
  7549 | D:7      | Noticed Blork the orc
  7735 | D:7      | Gained mutation: Your mind is acute. (Int +2) [potion of beneficial mutation]
  7784 | D:7      | Reached skill level 6 in Fighting
  7955 | D:7      | Reached skill level 10 in Long Blades
  8000 | D:7      | You fall through a shaft!
  8027 | D:8      | Found a sand-covered staircase.
  8034 | Ossuary  | Entered an ossuary
  8345 | D:8      | Noticed kroki's ghost (novice MiSk)
  8510 | D:8      | Killed kroki's ghost
  8510 | D:8      | Reached skill level 7 in Fighting
  8510 | D:8      | Reached XP level 10. HP: 68/79 MP: 10/10
  8785 | D:8      | Found a snail-covered altar of Cheibriados.
  8869 | D:8      | Noticed a hill giant
  8875 | D:8      | Killed a hill giant
  8875 | D:8      | Reached skill level 8 in Fighting
  8902 | D:8      | Reached skill level 2 in Dodging
  9146 | D:8      | Reached skill level 11 in Long Blades
  9350 | D:8      | Reached skill level 3 in Dodging
  9678 | D:9      | Reached skill level 4 in Dodging
  9902 | D:9      | Reached skill level 1 in Evocations
 10036 | D:9      | Reached skill level 2 in Evocations
 10492 | D:9      | Reached skill level 3 in Evocations
 10492 | D:9      | Reached XP level 11. HP: 56/86 MP: 13/13
 11011 | D:9      | Found a staircase to the Lair.
 11107 | D:10     | Entered Level 10 of the Dungeon
 11286 | D:10     | Found a portal to a secret trove of treasure.
 11524 | D:10     | Found a staircase to the Orcish Mines.
 11532 | D:10     | Reached skill level 4 in Evocations
 11539 | D:10     | Reached skill level 12 in Long Blades
 12137 | D:10     | Received a gift from Trog
 12141 | D:10     | Reached skill level 5 in Evocations
 12560 | D:10     | Reached skill level 7 in Armour
 13051 | D:10     | Noticed Maud
 13064 | D:10     | Killed Maud
 13472 | D:10     | Noticed Azrael
 13482 | D:10     | Killed Azrael
 13482 | D:10     | Reached skill level 8 in Armour
 13673 | Lair:1   | Entered Level 1 of the Lair of Beasts
 13700 | Lair:1   | Reached skill level 13 in Long Blades
 13930 | Lair:1   | Noticed Fannar
 13958 | Lair:1   | Killed Fannar
 13958 | Lair:1   | Gained mutation: You are significantly more attuned to the shadows. [demonic ancestry]
 13958 | Lair:1   | Reached XP level 12. HP: 36/92 MP: 15/15
 14444 | Lair:1   | Noticed Gastronok
 14455 | Lair:1   | Killed Gastronok
 14455 | Lair:1   | Reached skill level 9 in Armour
 15612 | Lair:2   | Received a gift from Trog
 15612 | Lair:2   | Reached skill level 10 in Armour
 15678 | Lair:2   | Noticed Erica
 15684 | Lair:2   | Killed Erica
 15684 | Lair:2   | Reached skill level 14 in Long Blades
 16656 | Lair:3   | Reached skill level 9 in Fighting
 16757 | Lair:3   | Noticed Urug
 16768 | Lair:3   | Killed Urug
 17351 | Lair:3   | Noticed a five-headed hydra
 17356 | Lair:3   | Killed a nine-headed hydra
 17356 | Lair:3   | Gained mutation: You sometimes gain a little power by taking damage. [demonic ancestry]
 17356 | Lair:3   | Reached XP level 13. HP: 67/101 MP: 10/16
 17357 | Lair:3   | Quit the game

Vault maps used:
D:1:      minmay_arrival_widening_spiral_wide
D:2:      fiery_altar_vehumet, lemuel_doored_altar
D:3:      johnstein_pakellas_dig, uniq_sigmund
D:4:      uniq_eustachio
D:5:      wad_woods_stonehenge, yredelemnul_altar_generic, first_bread
D:6:      minmay_temple_entry_butterflies, minmay_misc_feat_more_columns,
          minmay_ruffians
D:7:      tgw_sif, lemuel_crystal_altar, the_bakery
D:8:      cheibriados_altar_1, serial_ice, serial_ice_k, serial_ice_n,
          serial_ice_e, serial_ice_c, serial_ice_m, gup_ossuary_entry_pyramid
D:9:      erik_lair_dragon
D:10:     kennysheep_orc_monster_closet_entryway, trove_entry_hex_spiral,
          minmay_guarded_unrand_flaming_death, uniq_maud
Lair:1:   serial_bayou_lagoon_a, uniq_gastronok, uniq_fannar
Lair:2:   uniq_erica
Lair:3:   grunt_megastairs_4, uniq_urug, uniq_nergalle
Ossuary:  ossuary_tomb_3

Vanquished Creatures
  Gastronok Maud Azrael
  A hydra Fannar Erica
  The ghost of kroki the Cleaver, a novice MiSk of Trog Urug
  A hill giant
  4 spiny frogs
  3 rime drakes
  2 komodo dragons
  2 trolls
  8 blink frogs Sigmund
  A spriggan
  2 wyverns
  A vampire Eustachio
  8 fire elementals
  5 basilisks
  4 humans
  21 yaks
  5 hippogriffs
  2 steam dragons
  A hungry ghost
  3 water moccasins
  2 porcupines
  2 orc warriors
  A sky beast
  5 ice beasts
  5 black bears
  9 ogres
  5 phantoms
  A necrophage
  2 centaurs
  9 crocodiles
  5 big kobolds
  2 gnoll sergeants
  9 giant frogs
  A wyvern skeleton
  2 scorpions
  6 killer bees
  5 wights
  2 electric eels
  5 crimson imps
  A giant frog zombie
  8 jellies
  2 quasits
  7 orc priests
  10 hounds
  8 orc wizards
  2 giant frog skeletons
  15 iguanas
  2 killer bee zombies
  8 worker ants
  7 sheep
  A hound skeleton
  9 mummies
  A howler monkey zombie
  10 gnolls
  4 river rats
  12 adders
  4 shadow imps
  2 oozes
  3 worms
  4 adder skeletons
  2 adder zombies
  4 dart slugs
  11 giant geckos
  48 orcs
  4 giant cockroaches
  10 goblins
  14 hobgoblins
  5 jackals
  7 quokkas
  6 bats
  2 giant newts
  3 gnoll zombies
  A hobgoblin zombie
  11 kobolds
  3 kobold zombies
  An orc zombie
  A quokka skeleton
  A quokka zombie
  3 rats
  4 plants
422 creatures vanquished.
